Map: World of Sleepers LE

Players

ViBE - Winner!

  • Race: Terran Terran
  • League: Diamond
  • Spawn Location: 1:00

FckVwls

  • Race: Zerg Zerg
  • League: Diamond
  • Spawn Location: 7:00

VOD

Have the link to the VOD?

Description

Time

  • Played on: Dec. 23, 2019, 7:44 a.m.
  • Length: 23:37
Show
View Real Time Build Order
Export as new Build Order

ViBE Terran - Winner!

Build Orders: 2 Factory, Reaper Expand 

Get SALT Encoding   

  12  0:00  SCV  
  13  0:12  SCV  
  14  0:17  Supply Depot  
  14  0:24  SCV  
  15  0:39  SCV  
  15  0:40  Barracks  
  16  0:43  Refinery  
  16  0:51  SCV  
  17  1:03  SCV  
  18  1:15  SCV  
  19  1:30  Orbital Command, Reaper  
  20  1:41  Command Center  
  20  1:53  Supply Depot  
  20  1:58  SCV  
  21  2:11  SCV, Factory  
  21  2:14  Refinery  
  22  2:23  SCV, Barracks Reactor  
  23  2:35  SCV  
  24  2:47  SCV  
  25  2:56  Orbital Command  
  25  2:57  Factory  
  25  2:59  SCV  
  25  3:05  Hellion x2  
  30  3:11  SCV, Orbital Command  
  31  3:15  Barracks Tech Lab  
  31  3:23  SCV  
  32  3:28  Hellion x2  
  32  3:32  Supply Depot  
  36  3:35  SCV  
  36  3:37  SCV  
  38  3:47  SCV  
  39  3:49  SCV  
  40  3:59  SCV, Supply Depot  
  40  4:02  Cyclone, Infernal Pre-Igniter  
  44  4:04  Hellion x2  
  44  4:06  SCV  
  49  4:12  SCV  
  50  4:18  SCV  
  50  4:21  Supply Depot  
  50  4:24  SCV  
  52  4:27  Command Center  
  52  4:30  SCV  
  53  4:36  SCV  
  54  4:42  SCV  
  54  4:45  Supply Depot x2  
  55  4:47  Hellion  
  55  4:48  SCV, Cyclone, Hellion  
  63  4:54  SCV  
  63  4:55  Refinery  
  63  4:57  Refinery  
  64  5:00  SCV  
  64  5:01  Supply Depot  
  65  5:16  Factory  
  65  5:17  Factory  
  65  5:18  Factory  
  65  5:21  Mag-Field Accelerator  
  65  5:23  Cyclone, Hellion  
  65  5:24  SCV x2  
  72  5:39  Orbital Command  
  72  5:53  Hellion x2  
  72  5:55  Cyclone  
  80  5:57  SCV x2  
  80  6:01  Factory Tech Lab  
  80  6:02  Factory Tech Lab x2  
  81  6:06  SCV  
  81  6:09  SCV x2  
  81  6:11  Barracks Reactor  
  84  6:12  Factory  
  84  6:18  SCV  
  85  6:21  SCV x2  
  85  6:33  Cyclone  
  85  6:34  Cyclone x3, Hellion  
  85  6:35  SCV x2, Hellion  
  102  6:44  Supply Depot x4  
  102  6:47  SCV  
  102  6:48  SCV  
  102  6:51  Orbital Command  
  100  6:59  Armory  
  100  7:00  Armory  
  100  7:08  Command Center  
  100  7:13  SCV  
  100  7:14  SCV  
  102  7:22  Starport  
  102  7:23  SCV  
  102  7:25  SCV  
  102  7:26  SCV  
  105  7:39  Cyclone x4  
  105  7:40  Hellion x2  
  113  7:54  SCV x3  
  113  7:56  Refinery  
  113  7:57  Refinery  
  114  7:59  Engineering Bay  
  114  8:00  Starport Reactor  
  114  8:06  SCV x3  
  114  8:07  Terran Ship Weapons Level 1  
  114  8:09  Terran Vehicle And Ship Armor Level 1  
  114  8:11  Cyclone  
  114  8:12  Supply Depot  
  120  8:13  Supply Depot  
  120  8:18  SCV x2  
  120  8:24  Liberator  
  120  8:26  Hellion x2  
  119  8:30  Cyclone x2  
  119  8:33  SCV  
  122  8:37  Liberator  
  122  8:39  Command Center  
  124  8:43  SCV x2  
  124  8:44  Hellion  
  124  8:45  SCV, Hellion  
  124  8:47  Hellion x2  
  135  8:55  SCV  
  135  9:08  SCV x3  
  135  9:09  Planetary Fortress  
  138  9:10  Fusion Core  
  138  9:20  SCV x3  
  141  9:25  Command Center  
  141  9:32  SCV x2  
  141  9:34  Liberator x2  
  132  9:50  Cyclone x2  
  132  9:51  Cyclone x2  
  132  9:52  Hellion x2  
  150  10:04  Advanced Ballistics  
  150  10:06  SCV x4  
  154  10:10  Refinery  
  154  10:11  Refinery  
  154  10:14  Hellion x2  
  158  10:18  SCV x3  
  161  10:28  Terran Ship Weapons Level 2, Terran Vehicle And Ship Armor Level 2  
  161  10:30  Liberator x2  
  161  10:33  Starport  
  161  10:36  Factory  
  161  10:39  Refinery  
  161  10:44  Command Center  
  161  10:49  Hellion x6  
  165  11:08  SCV x2  
  165  11:09  SCV  
  165  11:10  Hellion  
  166  11:19  Liberator x2  
  162  11:32  Factory Reactor, Starport Reactor  
  162  11:38  Thor x3  
  192  11:40  Hellbat x4  
  194  11:51  Liberator  
  194  11:57  Refinery  
  194  12:05  SCV x3  
  197  12:13  Planetary Fortress  
  200  12:17  Neosteel Armor  
  200  12:23  Refinery  
  200  12:45  Command Center  
  200  12:47  Terran Ship Weapons Level 3, Terran Vehicle And Ship Armor Level 3  
  200  12:49  Weapon Refit  
  149  13:21  Thor  
  149  13:22  Thor x3  
  149  13:23  Hellbat x4, Hellion x2  
  165  13:31  Planetary Fortress  
  158  13:37  Factory x2  
  158  13:38  Factory x2  
  158  13:39  Factory  
  158  13:40  Factory  
  143  13:58  Hi-Sec Auto Tracking  
  143  14:07  Liberator x3  
  143  14:08  Liberator  
  140  14:37  Smart Servos  
  134  14:42  Command Center  
  134  14:50  Factory Tech Lab  
  134  14:51  Factory Reactor  
  134  14:57  Factory Tech Lab x4  
  134  15:02  Thor x3  
  134  15:03  Thor  
  134  15:04  Hellbat x4  
  166  15:11  Planetary Fortress  
  166  15:15  Hellion x2  
  166  15:17  Sensor Tower  
  166  15:26  Sensor Tower  
  166  15:29  Thor x3, Refinery  
  166  15:31  Hellbat  
  166  15:32  Hellbat x6  
  166  15:33  Refinery  
  198  15:36  Sensor Tower  
  198  15:41  Sensor Tower  
  198  15:55  Orbital Command  
  196  16:01  Command Center x2  
  196  16:04  Command Center  
  196  16:06  Command Center x2  
  196  16:19  Terran Vehicle Weapons Level 1  
  196  16:29  Hellbat x2  
  198  16:48  Liberator x2  
  196  17:13  Orbital Command  
  196  17:14  Orbital Command  
  190  17:39  Thor  
  190  17:40  Hellbat x2  
  200  18:14  Sensor Tower  
  192  20:22  Factory Tech Lab  
  192  20:42  Terran Vehicle Weapons Level 2  
  192  20:43  Factory Tech Lab  
  192  20:45  Thor x2  
  192  20:46  Hellbat  
  194  21:33  Liberator  
  194  21:34  Liberator x3  
  200  22:03  Siege Tank x6  
  198  22:24  Planetary Fortress  
  198  22:44  Command Center  
  198  22:45  Command Center  
  198  22:49  Starport  
  198  22:55  Starport  
  198  22:56  Starport  
  198  22:58  Sensor Tower  
  198  23:01  Starport, Refinery x2  
  198  23:02  Starport, Sensor Tower  
  198  23:03  Orbital Command  
  198  23:05  Orbital Command x2  
Show
View Real Time Build Order
Export as new Build Order

FckVwls Zerg 

Build Orders: Hatch First 

Get SALT Encoding   

  12  0:01  Drone  
  13  0:13  Overlord  
  13  0:25  Drone  
  14  0:37  Drone  
  15  0:49  Drone  
  16  0:53  Hatchery, Drone  
  16  0:59  Drone  
  17  1:13  Extractor, Drone  
  17  1:19  Spawning Pool  
  17  1:23  Drone  
  17  1:24  Drone  
  19  1:32  Drone  
  19  1:43  Drone  
  20  2:02  Hatchery  
  20  2:06  Zergling x2  
  20  2:07  Zergling x2  
  21  2:10  Queen  
  23  2:16  Queen  
  25  2:22  Metabolic Boost  
  25  2:35  Drone x4  
  28  2:52  Overlord  
  28  3:00  Overlord  
  28  3:15  Drone x7  
  35  3:20  Drone x3  
  38  3:29  Drone x3  
  38  3:30  Drone  
  38  3:32  Pneumatized Carapace  
  42  3:37  Drone, Overlord  
  42  3:39  Drone  
  44  3:41  Drone  
  45  3:53  Roach Warren  
  43  4:02  Drone x3  
  46  4:03  Extractor  
  46  4:04  Lair  
  46  4:06  Drone x4  
  49  4:13  Drone x5  
  54  4:19  Overlord  
  54  4:25  Queen  
  54  4:27  Queen  
  58  4:40  Roach x4  
  58  4:41  Overlord  
  58  4:42  Overlord  
  66  4:49  Overlord x2  
  66  5:04  Roach x7  
  78  5:25  Glial Reconstitution  
  78  5:26  Overlord  
  78  5:27  Drone x5  
  83  5:38  Drone x4  
  83  5:39  Extractor  
  83  5:40  Evolution Chamber  
  83  5:42  Evolution Chamber  
  84  5:43  Overlord x2  
  84  5:47  Extractor  
  84  5:48  Queen  
  85  5:50  Drone x7  
  85  5:56  Hatchery  
  91  6:01  Roach x2  
  95  6:07  Roach  
  95  6:10  Zerg Missile Weapons Level 1  
  97  6:15  Zerg Ground Armor Level 1  
  97  6:18  Roach  
  99  6:19  Drone  
  99  6:20  Drone x7  
  99  6:23  Extractor  
  99  6:24  Extractor  
  105  6:32  Roach x5  
  111  6:49  Roach x7  
  111  6:52  Queen  
  121  6:54  Overlord x3  
  121  6:55  Overlord x4  
  121  7:03  Infestation Pit  
  121  7:04  Drone  
  121  7:08  Spore Crawler x2  
  120  7:11  Overlord x3  
  119  7:24  Drone x13  
  132  7:32  Hydralisk Den  
  131  7:39  Roach  
  131  7:40  Roach x3  
  129  7:46  Roach x6  
  129  7:50  Roach x4  
  141  7:58  Roach x3  
  145  7:59  Spine Crawler x2  
  145  8:03  Pathogen Glands  
  145  8:05  Spore Crawler  
  142  8:08  Spine Crawler, Roach x3  
  142  8:09  Spine Crawler  
  142  8:10  Ravager, Overlord  
  142  8:11  Ravager x2  
  142  8:12  Ravager  
  148  8:14  Muscular Augments  
  148  8:24  Roach  
  148  8:25  Roach x6  
  162  8:29  Zerg Melee Weapons Level 1, Zerg Missile Weapons Level 2  
  160  8:38  Spore Crawler  
  159  8:45  Roach x5  
  169  8:49  Hive  
  165  8:55  Overlord x2  
  165  8:56  Overlord  
  165  9:01  Drone x4  
  167  9:03  Drone  
  167  9:04  Drone x3  
  167  9:05  Hatchery  
  167  9:07  Extractor  
  167  9:08  Queen  
  171  9:10  Infestor  
  171  9:12  Infestor  
  175  9:34  Infestor x2  
  175  9:35  Infestor  
  179  9:42  Zergling x28  
  179  9:43  Zergling x8  
  171  9:56  Infestor x2  
  171  9:57  Baneling Nest  
  172  10:06  Roach x7  
  182  10:09  Grooved Spines  
  182  10:17  Adrenal Glands  
  182  10:19  Zergling x2  
  182  10:20  Zergling x14  
  190  10:32  Overlord x5  
  190  10:33  Zerg Melee Weapons Level 2  
  190  10:39  Centrifical Hooks  
  190  10:46  Spire  
  190  10:49  Overlord x3  
  189  10:50  Overlord x3  
  189  10:54  Zerg Missile Weapons Level 3  
  189  10:55  Drone  
  189  10:56  Drone x4  
  190  10:58  Evolution Chamber  
  190  11:03  Zergling x10  
  173  11:09  Infestor x2  
  176  11:16  Hatchery  
  175  11:20  Roach x5  
  175  11:21  Roach x3  
  173  11:38  Zerg Ground Armor Level 2  
  173  11:42  Zergling x34  
  173  11:44  Drone x3  
  173  11:45  Drone  
  194  11:47  Drone x2  
  194  11:48  Drone  
  194  11:49  Drone  
  198  11:59  Greater Spire  
  192  12:03  Lurker Den, Spore Crawler  
  192  12:04  Extractor  
  192  12:05  Spine Crawler  
  192  12:06  Spine Crawler x2  
  184  12:11  Zergling x16  
  190  12:20  Zergling x18  
  186  12:31  Infestor  
  186  12:32  Infestor x4  
  186  12:35  Baneling  
  186  12:36  Baneling x6  
  196  12:40  Zergling x6  
  199  12:46  Baneling x9  
  199  12:47  Baneling  
  199  12:48  Baneling  
  199  12:55  Spore Crawler  
  199  12:56  Spore Crawler  
  199  12:57  Spore Crawler, Drone x3  
  199  13:00  Baneling x9  
  199  13:01  Baneling  
  197  13:18  Roach x9  
  197  13:19  Roach  
  173  13:22  Roach  
  132  13:28  Roach x3  
  122  14:06  Spore Crawler  
  122  14:07  Spore Crawler  
  122  14:09  Spore Crawler, Ravager x2  
  119  14:10  Ravager x4, Hydralisk x9  
  141  14:19  Spore Crawler  
  133  14:40  Drone x11  
  144  14:50  Drone x5  
  149  14:59  Drone x6  
  155  15:07  Lurker x5  
  155  15:08  Lurker  
  155  15:09  Lurker x2  
  155  15:12  Hydralisk  
  165  15:15  Drone x4  
  165  15:16  Drone  
  165  15:17  Drone  
  171  15:32  Hatchery  
  171  15:35  Hydralisk x6  
  176  15:41  Drone x2  
  184  15:44  Extractor  
  184  15:47  Hydralisk x3  
  189  15:50  Extractor  
  189  15:55  Hydralisk x2  
  189  15:56  Hydralisk  
  194  16:09  Hydralisk x4  
  188  16:28  Hydralisk  
  188  16:29  Hydralisk x6  
  200  16:33  Spore Crawler  
  200  16:36  Spore Crawler  
  200  16:37  Spore Crawler  
  200  16:38  Spore Crawler  
  196  16:40  Hydralisk  
  196  16:41  Hydralisk  
  198  17:02  Zerg Flyer Armor Level 1  
  167  17:09  Hydralisk x7  
  170  17:15  Spore Crawler  
  170  17:20  Hydralisk x4  
  170  17:21  Hydralisk  
  170  17:22  Zergling x8  
  180  17:23  Zergling x36  
  151  18:06  Hydralisk x7  
  169  18:22  Infestation Pit  
  156  18:34  Hatchery  
  156  18:36  Hydralisk  
  156  18:37  Hydralisk x8  
  158  18:46  Lair  
  156  18:50  Drone x7  
  161  18:59  Drone x2  
  155  19:16  Drone x4, Spawning Pool  
  158  19:18  Extractor  
  158  19:21  Extractor  
  155  19:25  Baneling x12  
  155  19:26  Baneling x4  
  155  19:28  Drone x3  
  155  19:31  Drone x3  
  156  19:58  Drone x2  
  142  20:31  Hydralisk Den, Drone x3  
  142  20:32  Drone  
  141  20:43  Infestation Pit  
  133  21:05  Drone x5  
  133  21:11  Drone x3  
  138  21:17  Spawning Pool  
  130  21:23  Neural Parasite  
  130  21:27  Lurker Den, Hive  
  112  22:12  Hatchery  
  108  22:17  Overlord  
  108  22:25  Hatchery  
  108  22:28  Extractor  
  108  22:29  Extractor  
  105  22:36  Hatchery  
  104  22:37  Overlord x4  
  104  23:00  Drone x3  
  104  23:01  Extractor  
  104  23:04  Hydralisk  
  104  23:05  Hydralisk x3  
  108  23:06  Extractor  
  108  23:10  Extractor  
Tags
 
Add a new tag
Caveats
  • Supply blocks, unpowered buildings, or Contaminate may cause inaccurate times.
  • Supply counts are checked every 10 seconds.